 Dungeon Crawl Stone Soup version 0.26-a0-660-gc07710193c (webtiles) character file.

Game seed: 10049439240282011358

3962 rogsnak the Thaumaturge (level 10, -15/74 HPs)
             Began as a Gnoll Hedge Wizard on Oct 5, 2020.
             Was a Follower of Sif Muna.
             Demolished by a guardian serpent (19 damage)
             ... on level 9 of the Dungeon.
             The game lasted 00:22:22 (11566 turns).

rogsnak the Thaumaturge (Gnoll Hedge Wizard)       Turns: 11566, Time: 00:22:23

Health: -15/74     AC:  6    Str: 18    XL:     10   Next: 22%
Magic:  0/22       EV: 17    Int: 19    God:    Sif Muna [*.....]
Gold:   433        SH:  0    Dex: 16    Spells: 20/26 levels left

rFire    . . .     SeeInvis .   N - +1 hand axe (distort)
rCold    . . .     Faith    .   (no shield)
rNeg     . . .     Spirit   +   J - +2 robe {MR+}
rPois    .         Reflect  .   E - +0 helmet
rElec    .         Harm     .   q - +0 cloak
rCorr    .         Rampage  .   (no gloves)
MR       ++...                  (no boots)
Stlth    +++.......             r - amulet of guardian spirit
HPRegen  0.22/turn              p - ring of protection from magic
MPRegen  0.18/turn              P - +6 ring of strength

@: lethally poisoned (-15 -> -20)
A: distributed training, fangs 1, strong nose
a: Channel Magic, Renounce Religion


You were on level 9 of the Dungeon.
You worshipped Sif Muna.
Sif Muna was aware of your devotion.
You visited 2 branches of the dungeon, and saw 10 of its levels.

You collected 433 gold pieces.

Inventory:

Hand Weapons
 t - a +1 hand axe of electrocution
 G - a +5 battleaxe of freezing
 N - a +1 hand axe of distortion (weapon)
Missiles
 e - 65 stones (quivered)
 k - 157 arrows
 n - 92 bolts
 x - 3 atropa-tipped darts
 y - 2 silver boomerangs
 z - 12 poisoned darts
 L - 5 boomerangs
 O - 3 curare-tipped darts
Armour
 b - a +0 robe
 c - a +0 hat
 f - a +1 hat
 q - a +0 cloak (worn)
 E - a +0 helmet (worn)
 J - a +2 robe of magic resistance (worn)
Jewellery
 p - a ring of protection from magic (left hand)
 r - an amulet of guardian spirit (around neck)
 P - a +6 ring of strength (right hand)
Wands
 a - a wand of disintegration (19)
 B - a wand of polymorph (9)
 C - a wand of enslavement (9)
 H - a wand of flame (25)
 Q - a wand of acid (9)
Scrolls
 d - 9 scrolls of remove curse
 h - 18 scrolls of identify {unknown}
 l - a scroll of magic mapping
 m - a scroll of fear {unknown}
 o - a scroll of blinking
 w - a scroll of brand weapon {unknown}
 A - 2 scrolls of fog {unknown}
 K - 2 scrolls of amnesia {unknown}
 M - 2 scrolls of noise {unknown}
 S - a scroll of torment {unknown}
Potions
 g - a potion of haste {unknown}
 i - a potion of brilliance {unknown}
 j - 3 potions of heal wounds {unknown}
 s - a potion of berserk rage {unknown}
 u - 9 potions of curing
 v - a potion of invisibility {unknown}
 D - 3 potions of flight {unknown}
 F - a potion of degeneration {unknown}
 I - 2 potions of cancellation {unknown}
 R - a potion of lignification {unknown}


   Skills:
 + Level 5.0 Fighting
 + Level 5.0 Short Blades
 + Level 5.0 Long Blades
 + Level 5.0 Axes
 + Level 5.0 Maces & Flails
 + Level 5.0 Polearms
 + Level 5.0 Staves
 + Level 5.0 Slings
 + Level 5.0 Bows
 + Level 5.0 Crossbows
 + Level 5.0 Throwing
 + Level 5.0 Armour
 + Level 6.9 Dodging
 + Level 6.6 Stealth
 + Level 5.0 Shields
 + Level 5.0 Unarmed Combat
 + Level 8.9 Spellcasting
 + Level 4.7 Conjurations
 + Level 4.2 Hexes
 + Level 4.7 Summonings
 + Level 4.2 Necromancy
 + Level 4.7 Translocations
 + Level 4.2 Transmutations
 + Level 4.2 Fire Magic
 + Level 4.2 Ice Magic
 + Level 4.2 Air Magic
 + Level 4.2 Earth Magic
 + Level 4.2 Poison Magic
 + Level 5.5 Invocations
 + Level 5.0 Evocations


You had 20 spell levels left.
You knew the following spells:

 Your Spells              Type           Power        Failure   Level
a - Magic Dart            Conj           ####         1%          1
b - Blink                 Tloc           N/A          1%          2
c - Mephitic Cloud        Conj/Pois/Air  ####....     4%          3

Your spell library contained the following spells:

 Spells                   Type           Power        Failure   Level
 Beastly Appendage        Tmut           ###...       1%          1
 Call Imp                 Summ           ####....     1%          2
 Slow                     Hex            ###.....     2%          2
 Wereblood                Tmut           ###.....     2%          2
 Conjure Flame            Conj/Fire      ####....     4%          3
 Spider Form              Tmut/Pois      ###.......   4%          3
 Ice Form                 Ice/Tmut       ###.....     14%         4
 Blade Hands              Tmut           ###.......   38%         5


Dungeon Overview and Level Annotations

Branches:
Dungeon (9/15)             Temple (1/1) D:7
   Lair: D:8-11         Orc: D:9-12

Altars:
Ashenzari
Cheibriados
Dithmenos
Elyvilon
Fedhas
Gozag
Hepliaklqana
Kikubaaqudgha
Makhleb
Nemelex Xobeh
Okawaru
Qazlal
Ru
Sif Muna
Trog
Uskayaw
Vehumet
Wu Jian
Xom
Yredelemnul
Zin
The Shining One

Shops:
D:5 (

Annotations:
D:4 mammut's ghost, amateur PaAM


Innate Abilities, Weirdness & Mutations

Your experience applies equally to all skills.
You have very sharp teeth.
Your uncanny sense of smell can sniff out nearby items.


Message History

You resist with almost no effort.
You slash the guardian serpent!
The guardian serpent is moderately wounded.
The guardian serpent misses you. The guardian serpent hits you!!
You hit the guardian serpent.
Space bends around the guardian serpent.
The guardian serpent is heavily wounded.
The guardian serpent closely misses you.
You hit the guardian serpent.
Space bends around the guardian serpent.
You bite the guardian serpent, but do no damage.
The guardian serpent is severely wounded.
The guardian serpent coils itself and waves its upper body at you.
The bolt of poison hits you!!
You are poisoned.
* * * LOW HITPOINT WARNING * * *
The guardian serpent completely misses you.
* * * LOW HITPOINT WARNING * * *
You feel sick. The guardian serpent hits you!!
You die...

## ######## #. ***#.S@...# #.
#....#'##.# #. #....#..#.##
###### #. **********#....#[.#..#
#....# #. ,,,,,,,,,.'....####..#
#....# #. ###*****###..........#
#....# #. ..# #######......#...#
#....# #.
..###!..(#######.#...####....###.
....>............'...............


You could see a guardian serpent.

Vanquished Creatures
  Sigmund (D:4)
  Eustachio (D:5)
  Menkaure (D:4)
  2 orc warriors (D:9)
  A black bear (D:8)
  A sky beast (D:5)
  4 ogres
  A phantom (D:4)
  2 centaurs
  2 bullfrogs
  Blork the orc (D:4)
  A gnoll sergeant (D:7)
  2 scorpions
  3 howler monkeys
  6 wights
  2 centaur zombies
  A bullfrog zombie (D:8)
  2 jellies
  A quasit (D:8)
  2 hounds
  6 orc priests
  Crazy Yiuf (D:2)
  A bullfrog skeleton (D:4)
  6 orc wizards
  Ijyb (D:4)
  4 worker ants
  A howler monkey skeleton (D:8)
  9 adders
  A shadow imp (D:5)
  7 white imps
  3 ufetubi
  3 adder skeletons
  An adder zombie (D:8)
  2 worms
  4 leopard geckos
  22 orcs
  7 giant cockroaches
  2 goblins
  9 hobgoblins
  16 jackals
  4 quokkas
  A ball python (D:6)
  13 bats
  9 frilled lizards
  A jackal skeleton (D:4)
  6 kobolds
  A quokka skeleton (D:6)
  7 rats
185 creatures vanquished.

Notes
Turn   | Place    | Note
-------+----------+-------------------------------------------
     0 | D:1      | rogsnak the Gnoll Hedge Wizard began the quest for the Orb.
     0 | D:1      | Reached XP level 1. HP: 13/13 MP: 8/8
   231 | D:1      | Reached XP level 2. HP: 19/19 MP: 5/10
   820 | D:1      | Reached XP level 3. HP: 25/25 MP: 9/11
  1038 | D:2      | Found a sacrificial altar of Ru.
  1050 | D:2      | Became a worshipper of Ru the Awakened
  1269 | D:2      | Reached skill level 1 in Invocations
  1331 | D:2      | Reached skill level 1 in Fighting
  1331 | D:2      | Reached skill level 1 in Short Blades
  1331 | D:2      | Reached skill level 1 in Long Blades
  1331 | D:2      | Reached skill level 1 in Axes
  1331 | D:2      | Reached skill level 1 in Maces & Flails
  1331 | D:2      | Reached skill level 1 in Polearms
  1331 | D:2      | Reached skill level 1 in Staves
  1331 | D:2      | Reached skill level 1 in Slings
  1331 | D:2      | Reached skill level 1 in Bows
  1331 | D:2      | Reached skill level 1 in Crossbows
  1331 | D:2      | Reached skill level 1 in Throwing
  1331 | D:2      | Reached skill level 1 in Armour
  1331 | D:2      | Reached skill level 1 in Shields
  1331 | D:2      | Reached skill level 1 in Unarmed Combat
  1331 | D:2      | Reached skill level 1 in Evocations
  1462 | D:2      | Found an iron altar of Okawaru.
  1477 | D:2      | Reached XP level 4. HP: 32/32 MP: 10/13
  1977 | D:2      | Found a runed translucent door.
  1978 | D:2      | Noticed Crazy Yiuf
  1987 | D:2      | Learned a level 2 spell: Blink
  1991 | D:2      | Learned a level 3 spell: Mephitic Cloud
  2006 | D:2      | Killed Crazy Yiuf
  2006 | D:2      | Reached skill level 1 in Hexes
  2006 | D:2      | Reached skill level 1 in Necromancy
  2006 | D:2      | Reached skill level 1 in Transmutations
  2006 | D:2      | Reached skill level 1 in Fire Magic
  2006 | D:2      | Reached skill level 1 in Ice Magic
  2006 | D:2      | Reached skill level 1 in Air Magic
  2006 | D:2      | Reached skill level 1 in Earth Magic
  2006 | D:2      | Reached skill level 1 in Poison Magic
  2440 | D:2      | Reached XP level 5. HP: 33/37 MP: 10/14
  3605 | D:4      | Noticed Menkaure
  3625 | D:4      | Noticed Sigmund
  3639 | D:4      | Killed Sigmund
  3639 | D:4      | Reached skill level 5 in Dodging
  3639 | D:4      | Reached XP level 6. HP: 44/44 MP: 14/16
  3647 | D:4      | Noticed a phantom
  3768 | D:4      | Killed Menkaure
  4053 | D:4      | Reached XP level 7. HP: 42/50 MP: 18/18
  4147 | D:4      | Noticed Ijyb
  4157 | D:4      | Noticed Blork the orc
  4164 | D:5      | Entered Level 5 of the Dungeon
  4272 | D:5      | Noticed Eustachio
  4492 | D:6      | Found a shimmering altar of Xom.
  5117 | D:6      | Reached skill level 5 in Stealth
  5455 | D:4      | Reached XP level 8. HP: 57/57 MP: 13/19
  5484 | D:4      | Killed Ijyb
  5693 | D:4      | Killed Blork the orc
  6013 | D:4      | Found a runed translucent door.
  6285 | D:4      | Reached skill level 8 in Spellcasting
  6335 | D:4      | Noticed mammut's ghost (amateur PaAM)
  6744 | D:5      | Killed Eustachio
  7149 | D:5      | Reached XP level 9. HP: 37/65 MP: 19/21
  7625 | D:5      | Found Cumpilav's Antique Weapon Emporium.
  8237 | D:7      | Found a staircase to the Ecumenical Temple.
  8246 | Temple   | Entered the Ecumenical Temple
  8366 | Temple   | Fell from the grace of Ru
  8366 | Temple   | Became a worshipper of Sif Muna the Loreminder
 10082 | D:8      | Reached skill level 5 in Invocations
 10359 | D:9      | Noticed a troll
 10665 | D:9      | Reached XP level 10. HP: 49/73 MP: 22/22
 11326 | D:9      | Reached skill level 5 in Fighting
 11326 | D:9      | Reached skill level 5 in Short Blades
 11326 | D:9      | Reached skill level 5 in Long Blades
 11326 | D:9      | Reached skill level 5 in Axes
 11326 | D:9      | Reached skill level 5 in Maces & Flails
 11326 | D:9      | Reached skill level 5 in Polearms
 11326 | D:9      | Reached skill level 5 in Staves
 11326 | D:9      | Reached skill level 5 in Slings
 11326 | D:9      | Reached skill level 5 in Bows
 11326 | D:9      | Reached skill level 5 in Crossbows
 11326 | D:9      | Reached skill level 5 in Throwing
 11326 | D:9      | Reached skill level 5 in Armour
 11326 | D:9      | Reached skill level 5 in Shields
 11326 | D:9      | Reached skill level 5 in Unarmed Combat
 11326 | D:9      | Reached skill level 5 in Evocations
 11399 | D:9      | Reached * piety under Sif Muna
 11527 | D:9      | Noticed a guardian serpent
 11566 | D:9      | Demolished by a guardian serpent

Illustrated notes

Levels and vault maps discovered:
D:1:      dpeg_arrival_tiny_k, layout_loops_cross, glass_columns_c
D:2:      layout_loops_cross, okawaru_metal_pillars_1_2, hex_large,
          roderic_lattice_a, nicolae_ru_sacrificial_ziggurat,
          uniq_crazy_yiuf_cottage
D:3:      layout_loops_corners, minmay_splitting_lines
D:4:      layout_cave_pools, gammafunk_ghost_grave, uniq_ijyb, uniq_sigmund,
          uniq_menkaure, uniq_blork_the_orc
D:5:      layout_cave_pools, serial_shops, shop, uniq_eustachio
D:6:      layout_basic, brannock_xom_greatest_gift
D:7:      layout_loops_ring, minmay_temple_entry_tees, st_stairs_7
D:8:      layout_basic
D:9:      layout_basic, nrook_guardian_serpent_ordinary
Temple:   regret_index_temple_sigil_plot

Skill      XL: |  1  2  3  4  5  6  7  8  9 10 |
---------------+-------------------------------+-----
Conjurations   | 2 3 4 |  4.7
Summonings     | 2 3 4 |  4.7
Translocations | 2 3 4 |  4.7
Invocations    | 1 2 3 4 5 |  5.5
Fighting       | 1 2 3 4 5 |  5.0
Short Blades   | 1 2 3 4 5 |  5.0
Long Blades    | 1 2 3 4 5 |  5.0
Axes           | 1 2 3 4 5 |  5.0
Maces & Flails | 1 2 3 4 5 |  5.0
Polearms       | 1 2 3 4 5 |  5.0
Staves         | 1 2 3 4 5 |  5.0
Slings         | 1 2 3 4 5 |  5.0
Bows           | 1 2 3 4 5 |  5.0
Crossbows      | 1 2 3 4 5 |  5.0
Throwing       | 1 2 3 4 5 |  5.0
Armour         | 1 2 3 4 5 |  5.0
Shields        | 1 2 3 4 5 |  5.0
Unarmed Combat | 1 2 3 4 5 |  5.0
Evocations     | 1 2 3 4 5 |  5.0
Hexes          | 1 2 3 4 |  4.2
Necromancy     | 1 2 3 4 |  4.2
Transmutations | 1 2 3 4 |  4.2
Fire Magic     | 1 2 3 4 |  4.2
Ice Magic      | 1 2 3 4 |  4.2
Air Magic      | 1 2 3 4 |  4.2
Earth Magic    | 1 2 3 4 |  4.2
Poison Magic   | 1 2 3 4 |  4.2
Dodging        | 5 6 |  6.9
Stealth        | 5 6 |  6.6
Spellcasting   | 8 |  8.9

Action                   |  1- 3 |  4- 6 |  7- 9 | 10-12 || total
-------------------------+-------+-------+-------+-------++-------
Melee: Dagger            |     3 |       |       |       ||     3
       Mace              |    25 |    19 |       |       ||    44
       Bite              |     2 |     9 |    31 |     6 ||    48
       Hand axe          |       |    42 |   185 |    39 ||   266
       Battleaxe         |       |       |    91 |       ||    91
       Punch             |       |       |     1 |     1 ||     2
 Cast: Magic Dart        |    66 |    65 |   137 |       ||   268
       Mephitic Cloud    |       |     4 |    14 |     3 ||    21
       Blink             |       |       |     5 |     2 ||     7
  Use: Scroll            |       |       |     5 |       ||     5
 Stab: Sleeping          |     7 |     2 |     7 |     3 ||    19
       Confused          |       |     3 |     3 |       ||     6
       Distracted        |       |       |     1 |       ||     1
Armor: Robe              |     6 |     7 |    52 |     5 ||    70
Dodge: Dodged            |    16 |    42 |   278 |    26 ||   362

Table legend: (Time is in decaauts)
 A = Elapsed time spent in this place.
 B = Non-inter-level travel time spent in this place.
 C = Inter-level travel time spent in this place.
 D = Time resting spent in this place.
 E = Time spent auto-exploring this place.
 F = Levels seen in this place.
 G = Mean time per level.
                   A        B        C        D        E       F      G
               +--------+--------+--------+--------+--------+-----+--------+
         Total |  11671 |  11443 |    228 |   2715 |   6234 |  10 | 1167.1 |
       Dungeon |  11535 |  11307 |    228 |   2715 |   6134 |   9 | 1281.7 |
        Temple |    135 |    135 |      0 |      0 |    100 |   1 |  135.0 |
               +--------+--------+--------+--------+--------+-----+--------+

Top non-repeatable levels by time:
     D:4: 1880 daAuts
     D:3: 1673 daAuts
     D:8: 1641 daAuts
     D:6: 1334 daAuts
     D:2: 1329 daAuts
     D:1: 1004 daAuts
     D:5: 980 daAuts
     D:7: 885 daAuts
     D:9: 805 daAuts
  Temple: 135 daAuts
